 Dungeon Crawl Stone Soup version 0.13.0-17-g5f0e85f (webtiles) character file.

579 Leibowitz the Ducker (level 7, -2/44 HPs)
             Began as a Kobold Berserker on Oct 21, 2013.
             Was an Elder of Trog.
             Slain by a gnoll
             ... wielding a +2,+2 whip
              (10 damage)
             ... on Level 5 of the Dungeon.
             The game lasted 00:13:41 (4830 turns).

Leibowitz the Ducker (Kobold Berserker)             Turns: 4830, Time: 00:13:43

HP  -2/44        AC  2     Str 16      XL: 7   Next:  5%
MP  15/15        EV 19     Int  5      God: Trog [****..]
Gold 198         SH  0     Dex 17      Spells:  0 memorised,  6 levels left

Res.Fire  : . . .   See Invis. : .   r - +0 dwarf short sword (venom)
Res.Cold  : . . .   Warding    : .   b - +0 animal skin
Life Prot.: . . .   Conserve   : .   (no shield)
Res.Poison: .       Res.Corr.  : .   (no helmet)
Res.Elec. : .       Clarity    : .   (no cloak)
Sust.Abil.: . .     Spirit.Shd : .   (no gloves)
Res.Mut.  : +       Stasis     : .   (no boots)
Res.Rott. : .       Flight     : .   g - amulet of resist mutation {unknown}
Saprovore : + + .                    (no ring)
                                     j - ring of magical power

@: exhausted, slowed, very slow, slightly resistant to hostile enchantments,
quite stealthy
A: disease resistance, carnivore 3, saprovore 2
a: Burn Spellbooks, Berserk, Trog's Hand, Brothers in Arms, Renounce Religion


You were on level 5 of the Dungeon.
You worshipped Trog.
Trog was greatly pleased with you.
You were not hungry.

You visited 1 branch of the dungeon, and saw 5 of its levels.

You collected 178 gold pieces.

Inventory:

Hand weapons
 a - a +0,+0 short sword
 q - a +2,+2 dwarven dagger of chaos (quivered)
 r - a +0,+0 dwarven short sword of venom (weapon)
 t - a +1,+3 orcish dagger
Armour
 b - a +0 animal skin (worn)
 n - a +1 helmet of intelligence
Magical devices
 o - a wand of cold (6)
 u - a wand of random effects (12)
Comestibles
 c - 2 meat rations
Scrolls
 d - 5 scrolls of identify {unknown}
 e - 2 scrolls of blinking {unknown}
 f - a scroll of random uselessness {unknown}
 h - a scroll of curse armour {unknown}
 i - a scroll of fog {unknown}
 k - 2 scrolls of magic mapping {unknown}
 l - 2 scrolls of remove curse
 p - a scroll of enchant armour {unknown}
Jewellery
 g - an amulet of resist mutation (around neck) {unknown}
 j - a ring of magical power (left hand)
Potions
 m - a potion of curing
 s - a potion of resistance
 v - a potion of magic {unknown}


   Skills:
 * Level 4.7 Fighting
 + Level 4.7 Short Blades
 + Level 1.6 Armour
 * Level 6.1 Dodging
 * Level 3.9 Stealth


You had 6 spell levels left.
You didn't know any spells.

Dungeon Overview and Level Annotations

Branches:
Dungeon (5/27)
 Temple: D:4-7

Altars:
Makhleb
Xom
the Shining One


Innate Abilities, Weirdness & Mutations

You recuperate from illness quickly.
You are small and have problems with some larger weapons.
You are carnivorous and can eat meat at any time.
You can eat rotten meat.


Message History

The gnoll is severely wounded.
The gnoll misses you. The gnoll closely misses you.
The gnoll hits you with a whip. The gnoll barely misses you.
You closely miss the gnoll.
The gnoll is severely wounded.
The gnoll barely misses you. The gnoll misses you.
You closely miss the gnoll.
The gnoll is almost dead.
The gnoll barely misses you. The gnoll hits you with a whip!
You hit the gnoll.
The gnoll is moderately wounded.
The gnoll closely misses you. The gnoll completely misses you.
The phantom blinks!
You hit the gnoll.
The gnoll is poisoned.
The gnoll is heavily wounded.
The gnoll looks more healthy.
The gnoll closely misses you. The gnoll hits you with a whip!
* * * LOW HITPOINT WARNING * * *
The crimson imp blinks!
The gnoll hits you with a whip!
You die...

...# #...#
#...# #...#
# #...# .#
#...# ..#
#...####...#
#...g)[5...#
#.<§g@%.[..#
#...#####..#
#...# .....#
.......#
.......#
....g..#
......# .g.#


You could see 2 gnolls and a crimson imp.

Vanquished Creatures
  A crimson imp (D:3)
  A hound (D:4)
  A scorpion (D:4)
  An orc priest (D:4)
  An orc wizard (D:4)
  2 iguanas
  Ijyb (D:3)
  Jessica (D:2)
  2 gnolls (D:5)
  5 adders
  A worm (D:3)
  A giant gecko (D:2)
  An ooze (D:3)
  3 orcs (D:4)
  8 bats
  A bat skeleton (D:4)
  A giant cockroach (D:1)
  7 goblins
  8 hobgoblins
  2 jackals (D:4)
  2 quokkas
  A ball python (D:2)
  3 giant newts
  A gnoll skeleton (D:4)
  2 jackal skeletons (D:4)
  11 kobolds
  13 rats
82 creatures vanquished.

Notes
Turn   | Place    | Note
--------------------------------------------------------------
     0 | D:1      | Leibowitz, the Kobold Berserker, began the quest for the Orb.
     0 | D:1      | Reached XP level 1. HP: 14/14 MP: 0/0
   366 | D:1      | Reached XP level 2. HP: 8/19 MP: 1/1
   690 | D:1      | Reached skill level 1 in Stealth
   971 | D:2      | Reached XP level 3. HP: 24/24 MP: 2/2
  1022 | D:2      | HP: 1/24 [adder (4)]
  1032 | D:2      | Acquired Trog's second power
  1462 | D:2      | Reached XP level 4. HP: 29/29 MP: 3/3
  1484 | D:2      | Noticed Jessica
  1495 | D:2      | Killed Jessica
  2293 | D:2      | Found a glowing golden altar of the Shining One.
  2706 | D:3      | Reached XP level 5. HP: 10/33 MP: 4/4
  2755 | D:3      | HP: 1/33 [poisoned by an adder]
  3029 | D:3      | Noticed Ijyb
  3072 | D:3      | Killed Ijyb
  3326 | D:3      | Found a burning altar of Makhleb.
  3326 | D:3      | Found a shimmering altar of Xom.
  3638 | D:4      | Reached skill level 5 in Dodging
  3638 | D:4      | Reached XP level 6. HP: 16/39 MP: 5/5
  4399 | D:4      | Acquired Trog's third power
  4796 | D:5      | Entered Level 5 of the Dungeon
  4807 | D:5      | Reached skill level 6 in Dodging
  4820 | D:5      | Reached XP level 7. HP: 44/44 MP: 6/6
  4830 | D:5      | Slain by a gnoll

Action                   |  1- 3 |  4- 6 |  7- 9 || total
-------------------------+-------+-------+-------++-------
Melee: Short sword       |   137 |   278 |    10 ||   425
Invok: Berserk           |     1 |     2 |       ||     3
       Trog's Hand       |     1 |       |       ||     1
Evoke: Wand              |       |     3 |       ||     3
  Use: Potion            |     5 |     3 |       ||     8
       Scroll            |       |     2 |       ||     2
 Stab: Sleeping          |     3 |     4 |       ||     7
       Invisible         |     1 |       |       ||     1
       Distracted        |       |     1 |       ||     1
